 Dungeon Crawl Stone Soup version 0.22-a0-402-ga933591 (webtiles) character file.

18097 Borgoz the Fighter (level 12, -8/80 HPs)
             Began as a Gargoyle Berserker on May 7, 2018.
             Was a High Priest of Trog.
             Killed from afar by an orc warrior (14 damage)
             ... with a wand of acid (2)
             ... on level 12 of the Dungeon.
             The game lasted 00:35:58 (14551 turns).

Borgoz the Fighter (Gargoyle Berserker)            Turns: 14551, Time: 00:35:59

Health: -8/80      AC: 24    Str: 21    XL:     12   Next: 54%
Magic:  0/12       EV: 12    Int:  9    God:    Trog [*****.]
Gold:   784        SH:  0    Dex: 13    Spells: 11/11 levels left

rFire    + + .     SeeInvis +   F - +2 dagger "Laxi" {vamp, rElec rF+ rN+}
rCold    . . .     Gourm    .   (no shield)
rNeg     + + +     Faith    .   b - +6 chain mail of Inaction {rN+ MR+}
rPois    ∞         Spirit   +   G - +2 hat
rElec    +         Reflect  .   (no cloak)
rCorr    .         Harm     .   (no gloves)
MR       +....                  (no boots)
Stlth    ..........             n - amulet of guardian spirit
HPRegen  0.23/turn              L - ring of see invisible
MPRegen  0.13/turn              M - ring of protection from fire

@: corroded, berserk cooldown, slowed, very slow
A: negative energy resistance 1, electricity resistance, unbreathing,
petrification resistance, rot immunity, AC +8
a: Berserk, Trog's Hand, Brothers in Arms, Renounce Religion


You were on level 12 of the Dungeon.
You worshipped Trog.
Trog was extremely pleased with you.
You were very hungry.

You visited 2 branches of the dungeon, and saw 13 of its levels.
You also visited: Sewer and Ossuary.

You collected 784 gold pieces.

Inventory:

Hand Weapons
 F - the +2 dagger "Laxi" (weapon) {vamp, rElec rF+ rN+}
   (You found it on level 8 of the Dungeon)

   It inflicts no extra harm, but heals its wielder when it wounds a living foe.
   It protects you from fire.
   It insulates you from electricity.
   It protects you from negative energy.
 I - a +1 demon whip of draining
Armour
 b - the +6 chain mail of Inaction (worn) {rN+ MR+}
   (You found it in a sewer)

   It protects you from negative energy.
   It affects your resistance to hostile enchantments.
 G - a +2 hat (worn)
 K - the +4 large shield "Sugyeq" {+Inv}
   (You found it on level 9 of the Dungeon)

   It lets you turn invisible.
Jewellery
 a - an uncursed amulet of regeneration
 n - an amulet of guardian spirit (around neck)
 o - an uncursed amulet of the acrobat
 s - an uncursed ring of wizardry
 w - an uncursed ring of positive energy
 L - a ring of see invisible (left hand)
 M - a ring of protection from fire (right hand)
 N - an uncursed ring of protection from magic {unknown}
 O - an uncursed ring of ice
Wands
 h - a wand of enslavement (6)
 C - a wand of flame (29)
 J - a wand of polymorph (9)
Scrolls
 e - 7 scrolls of teleportation
 f - 3 scrolls of magic mapping
 g - 8 scrolls of remove curse
 u - a scroll of enchant weapon
 y - a scroll of identify
 z - a scroll of fear
 B - a scroll of blinking
 D - 2 scrolls of enchant armour {unknown}
 E - a scroll of holy word
 H - 2 scrolls of fog
 P - a scroll of immolation {unknown}
Potions
 d - 7 potions of curing
 i - 2 potions of berserk rage
 j - 4 potions of haste
 k - 3 potions of agility
 l - 5 potions of lignification
 m - 4 potions of resistance
 p - 5 potions of flight
 q - a potion of degeneration
 r - 4 potions of magic
 t - 4 potions of might
 v - 5 potions of brilliance
 x - a potion of cancellation
 A - 2 potions of mutation
Comestibles
 c - 7 rations


   Skills:
 + Level 11.0 Fighting
 * Level 8.5 Short Blades
 - Level 7.8 Maces & Flails
 + Level 10.7 Armour
 + Level 8.3 Dodging


You had 11 spell levels left.
You didn't know any spells.

Dungeon Overview and Level Annotations

Branches:
Dungeon (12/15)            Temple (1/1) D:4            Lair (0/6) D:8
    Orc: D:9-12

Altars:
Ashenzari
Cheibriados
Dithmenos
Elyvilon
Fedhas
Gozag
Hepliaklqana
Kikubaaqudgha
Makhleb
Nemelex Xobeh
Okawaru
Qazlal
Ru
Sif Muna
Trog
Uskayaw
Vehumet
Wu Jian
Xom
Yredelemnul
Zin
The Shining One

Shops:
D:7 }


Innate Abilities, Weirdness & Mutations

You are resistant to torment.
Your stone body is resilient. (AC +8)
You are immune to poison.
You resist negative energy. (rN+)
You are resistant to electric shocks. (rElec)
You can survive without breathing.
You are immune to petrification.
You are immune to rotting.


Message History

The wight hits you but does no damage.
You hit the orc warrior but do no damage.
The orc warrior is lightly wounded.
The orc warrior barely misses you.
Your chain mail of Inaction prevents you from hitting the orc warrior.
The orc warrior is lightly wounded.
The wight misses you.
The orc warrior zaps a wand.
The bolt of acid hits you! The acid corrodes you!
You are splashed with acid!
The acid burns!
You are too injured to fight recklessly!
You are too injured to fight recklessly!
You are too injured to fight recklessly!
The orc warrior zaps a wand.
The bolt of acid hits you!
* * * LOW HITPOINT WARNING * * *
You are splashed with acid!
The acid burns!
* * * LOW HITPOINT WARNING * * *
The orc warrior zaps a wand.
The bolt of acid hits you!
You are splashed with acid!
The acid burns!
* * * LOW HITPOINT WARNING * * *
The orc warrior zaps a wand.
The bolt of acid hits you!
You die...

..#####.....#
.........JZo#
........oZz# ...
.......ZzZz# ..#
.......###z# ..#
######## #o# ..# #
#######.####..#.#
...........#...
#######@##.#.######
#(##.........
#(#.........#
#.#..#......#
#.#..#####..#
#.#..# .# #.#..# #
#.#..# #.#..#####.


You could see an orc warrior, 3 wights, an orc wizard, a hobgoblin zombie, an
ogre zombie and an orc skeleton.

Vanquished Creatures
  Gastronok (D:11)
  The ghost of p0werm0de the Cleaver, a novice DDFi of Makhleb (D:8)
  A centaur warrior (D:9)
  2 two-headed ogres (D:9)
  A swamp dragon (D:11)
  A manticore (D:11)
  2 gargoyles
  A kobold demonologist (D:11)
  A queen bee (D:8)
  2 trolls (D:10)
  3 hippogriffs
  A vampire (D:12)
  A shadow (D:11)
  A wraith (D:12)
  7 yaks
  4 hungry ghosts
  Edmund (D:6)
  A water moccasin (D:9)
  A soldier ant (D:7)
  Purgy (Sewer)
  A black bear (D:11)
  3 orc warriors
  2 sky beasts
  3 eyes of draining (D:9)
  An ice beast (D:8)
  10 ogres
  4 phantoms
  11 centaurs
  2 crocodiles (D:10)
  4 big kobolds
  4 bullfrogs
  A water moccasin zombie (D:5)
  5 scorpions
  A troll zombie (D:12)
  8 wights
  28 killer bees
  An electric eel (D:11)
  8 howler monkeys
  7 crimson imps
  2 centaur zombies
  2 quasits (D:10)
  A bullfrog zombie (D:8)
  Crazy Yiuf (D:6)
  4 orc priests
  A centaur skeleton (D:9)
  10 hounds
  5 jellies
  A bullfrog skeleton (D:6)
  4 iguanas
  7 orc wizards
  9 worker ants
  4 ogre zombies (D:12)
  A hound zombie (D:9)
  9 mummies
  A hound skeleton (D:9)
  A worker ant zombie (D:9)
  11 adders
  2 shadow imps
  An ooze (D:4)
  An adder zombie (D:6)
  An adder skeleton (D:5)
  3 worms (D:4)
  2 dart slugs
  2 leopard geckos
  40 orcs
  7 giant cockroaches
  A gnoll zombie (Ossuary)
  4 goblins
  4 hobgoblins
  10 jackals
  9 kobolds
  3 quokkas
  4 ball pythons
  7 bats
  7 frilled lizards
  2 goblin zombies (D:12)
  A hobgoblin skeleton (D:12)
  3 hobgoblin zombies
  3 kobold zombies (Ossuary)
  3 orc skeletons (D:12)
  8 orc zombies
  3 rats
343 creatures vanquished.

Vanquished Creatures (collateral kills)
  A glowing orange brain (D:11)
  A yak (D:10)
2 creatures vanquished.

Vanquished Creatures (others)
  4 yaks
  An orc (D:12)
  11 plants (D:8)
16 creatures vanquished.

Grand Total: 361 creatures vanquished

Notes
Turn   | Place    | Note
-------+----------+-------------------------------------------
     0 | D:1      | Borgoz the Gargoyle Berserker began the quest for the Orb.
     0 | D:1      | Reached XP level 1. HP: 14/14 MP: 1/1
    58 | D:1      | Found a shattered altar of Ashenzari.
   430 | D:1      | Reached XP level 2. HP: 19/19 MP: 2/2
  1076 | D:2      | Found a stormy altar of Qazlal.
  1108 | D:2      | Reached XP level 3. HP: 13/24 MP: 3/3
  1317 | D:2      | Found a white marble altar of Elyvilon.
  1391 | D:2      | Reached ** piety under Trog
  2338 | D:3      | Found a glowing silver altar of Zin.
  2475 | D:3      | Found a hide-covered altar of Uskayaw.
  2482 | D:3      | Found a glowing golden altar of the Shining One.
  2618 | D:3      | Reached XP level 4. HP: 29/29 MP: 4/4
  2634 | D:3      | Reached skill level 4 in Fighting
  3033 | D:4      | Reached XP level 5. HP: 33/33 MP: 3/5
  3114 | D:4      | Found a staircase to the Ecumenical Temple.
  3170 | D:4      | Found a sand-covered staircase.
  3182 | Ossuary  | Entered an ossuary
  3212 | Ossuary  | Reached XP level 6. HP: 25/39 MP: 3/6
  3269 | Ossuary  | Reached *** piety under Trog
  4095 | D:4      | Reached skill level 5 in Fighting
  4098 | D:4      | Reached XP level 7. HP: 44/44 MP: 7/7
  4165 | D:4      | Found a blossoming altar of Fedhas.
  4250 | D:4      | Reached skill level 5 in Maces & Flails
  4647 | Temple   | Entered the Ecumenical Temple
  4844 | D:5      | Entered Level 5 of the Dungeon
  4878 | D:5      | Reached skill level 5 in Armour
  4917 | D:5      | Reached XP level 8. HP: 42/51 MP: 8/8
  5083 | D:5      | Reached skill level 6 in Fighting
  5517 | D:6      | Found a glowing drain.
  5558 | Sewer    | Entered a sewer
  5586 | Sewer    | Noticed Purgy
  5601 | Sewer    | Killed Purgy
  5812 | Sewer    | Got a spiked chain mail
  5831 | D:6      | Identified the +6 chain mail of Inaction {rN+ MR+} (You found it in a sewer)
  5991 | D:6      | Noticed Edmund
  6025 | D:6      | Killed Edmund
  6192 | D:6      | Found a runed door.
  6205 | D:6      | Found an iron altar of Okawaru.
  6288 | D:6      | Noticed Crazy Yiuf
  6298 | D:6      | Killed Crazy Yiuf
  6409 | D:6      | Found a shadowy altar of Dithmenos.
  6731 | D:7      | Reached XP level 9. HP: 50/56 MP: 7/9
  6757 | D:7      | Reached **** piety under Trog
  6757 | D:7      | Reached skill level 7 in Fighting
  6963 | D:7      | Reached skill level 5 in Dodging
  7186 | D:7      | Found an ancient bone altar of Kikubaaqudgha.
  7315 | D:7      | Found Wiuveosi's Gadget Shoppe.
  7690 | D:8      | Noticed p0werm0de's ghost (novice DDFi)
  7717 | D:8      | Killed p0werm0de's ghost
  7717 | D:8      | Reached skill level 8 in Fighting
  7825 | D:8      | Reached XP level 10. HP: 40/64 MP: 7/10
  8266 | D:8      | Got a slimy dagger
  8269 | D:8      | Identified the cursed +2 dagger "Laxi" {vamp, rElec rF+ rN+} (You found it on level 8 of the Dungeon)
  8289 | D:8      | Found a staircase to the Lair.
  8732 | D:8      | Reached skill level 1 in Short Blades
  9114 | D:9      | Noticed a two-headed ogre
  9140 | D:9      | Killed a two-headed ogre
  9140 | D:9      | Reached skill level 9 in Fighting
  9633 | D:9      | Noticed a centaur warrior
  9660 | D:9      | Killed a centaur warrior
  9660 | D:9      | Reached XP level 11. HP: 71/71 MP: 1/11
  9671 | D:9      | Got a smoking large shield
  9677 | D:9      | Identified the +4 large shield "Sugyeq" {+Inv} (You found it on level 9 of the Dungeon)
  9970 | D:9      | Noticed a two-headed ogre
  9989 | D:9      | Killed a two-headed ogre
  9989 | D:9      | Reached skill level 5 in Short Blades
 10179 | D:10     | Entered Level 10 of the Dungeon
 10186 | D:10     | Reached ***** piety under Trog
 11388 | D:10     | Reached skill level 10 in Fighting
 11879 | D:10     | Received a gift from Trog
 12278 | D:11     | Noticed a manticore
 12514 | D:11     | Noticed Gastronok
 12550 | D:11     | Killed Gastronok
 12550 | D:11     | Reached skill level 10 in Armour
 12550 | D:11     | Reached XP level 12. HP: 78/78 MP: 5/12
 12658 | D:11     | Noticed a two-headed ogre
 12746 | D:11     | Noticed Harold
 12753 | D:11     | Noticed Harold
 12753 | D:11     | Harold changed into Harold the glowing orange brain
 12785 | D:11     | Killed Harold the glowing orange brain
 13411 | D:11     | a two-headed ogre changed into a swamp dragon
 14447 | D:12     | Reached skill level 11 in Fighting
 14475 | D:12     | Received a gift from Trog
 14551 | D:12     | Killed from afar by an orc warrior

Vault maps used:
D:1:      ncdulo_smallfort, nicolae_ashenzari_panopticon
D:2:      elyvilon_altar_5, old_standard_altar, serial_bayou_pond_d
D:3:      minitemple, zin_treasury, first_ration
D:4:      old_standard_altar, minmay_temple_entry_purple_smoke,
          gup_ossuary_entry_pyramid, grunt_tough_drop
D:6:      lemuel_crystal_altar, gup_sewer_entry_glass, abandoned_shop,
          corner_web_ring, grunt_dithmenos_shadows, uniq_edmund,
          uniq_crazy_yiuf_cottage
D:7:      lemuel_doored_altar, serial_shops, shop
D:8:      lair_entry_dummy, nicolae_looking_at_the_future
D:11:     uniq_harold, uniq_gastronok
D:12:     zombieorc2_lemuel
Temple:   nicolae_temple_great_sept
Sewer:    sewer_co_purgy_island
Ossuary:  ossuary_tomb_3

Skill      XL: |  1  2  3  4  5  6  7  8  9 10 11 12 |
---------------+-------------------------------------+-----
Dodging        | 2 3 4 5 7 8 |  8.3
Fighting       | 4 5 6 8 9 10 11 | 11.0
Armour         | 3 4 5 6 7 9 10 | 10.7
Maces & Flails | 4 5 6 7 |  7.8
Short Blades   | 4 7 8 |  8.5

Action                   |  1- 3 |  4- 6 |  7- 9 | 10-12 || total
-------------------------+-------+-------+-------+-------++-------
Melee: Mace              |   140 |   178 |   231 |       ||   549
       Flail             |       |       |   229 |    53 ||   282
       Dagger            |       |       |       |  2213 ||  2213
Invok: Berserk           |     2 |     7 |     2 |    20 ||    31
       Trog's Hand       |       |     1 |       |     1 ||     2
       Brothers in Arms  |       |       |       |     1 ||     1
Evoke: Wand              |       |       |       |    23 ||    23
  Use: Scroll            |       |    11 |     9 |     6 ||    26
       Potion            |       |       |     1 |     2 ||     3
  Eat: Chunk             |     6 |     8 |    16 |    26 ||    56
       Ration            |       |     1 |       |     9 ||    10
Armor: Animal skin       |    61 |    16 |       |       ||    77
       Scale mail        |       |    93 |   110 |       ||   203
       Chain mail        |       |       |   205 |  1298 ||  1503
Dodge: Dodged            |   140 |   146 |   260 |  1293 ||  1839

Table legend:
 A = Spawn XP
 B = Non-spawn XP
 C = Spawn XP percentage of total XP
 D = Spawn monster count
 E = Non-spawn monster count
 F = Spawn count percentage of total count
 G = Total turns spent on level
                    A         B        C        D         E        F      G
               +---------+---------+-------+---------+---------+-------+---------
         Total |       0 |   25854 |   0.0 |       0 |     348 |   0.0 | 14551
               +---------+---------+-------+---------+---------+-------+---------
           D:1 |       0 |      22 |   0.0 |       0 |      11 |   0.0 |  1065
           D:2 |       0 |      43 |   0.0 |       0 |      17 |   0.0 |   876
           D:3 |       0 |      76 |   0.0 |       0 |      19 |   0.0 |  1085
           D:4 |       0 |     747 |   0.0 |       0 |      25 |   0.0 |  1005
           D:5 |       0 |     487 |   0.0 |       0 |       9 |   0.0 |   666
           D:6 |       0 |     523 |   0.0 |       0 |      16 |   0.0 |   840
           D:7 |       0 |     992 |   0.0 |       0 |      18 |   0.0 |  1009
           D:8 |       0 |    3368 |   0.0 |       0 |      38 |   0.0 |  1413
           D:9 |       0 |    4295 |   0.0 |       0 |      29 |   0.0 |  1382
          D:10 |       0 |    4338 |   0.0 |       0 |      52 |   0.0 |  1705
          D:11 |       0 |    7584 |   0.0 |       0 |      44 |   0.0 |  1759
          D:12 |       0 |    3079 |   0.0 |       0 |      46 |   0.0 |   674
         Sewer |       0 |     146 |   0.0 |       0 |       8 |   0.0 |   259
       Ossuary |       0 |     154 |   0.0 |       0 |      16 |   0.0 |   739
               +---------+---------+-------+---------+---------+-------+---------
